 Dungeon Crawl Stone Soup version 0.29.1-15-g9cfb28693d (webtiles) character file.

Game seed: 12885323271974795703

77014 booth the Basher (level 15, -12/98 (100) HPs)
             Began as a Gargoyle Monk on Feb 23, 2023.
             Was a High Priest of Okawaru.
             Mangled by an orc warrior
             ... wielding a +0 trident
              (21 damage)
             ... while paralysed by an orc sorcerer
             ... on level 2 of the Orcish Mines on Feb 25, 2023.
             The game lasted 03:29:56 (24496 turns).

booth the Basher (Gargoyle Monk)                   Turns: 24496, Time: 03:29:57

HP:   -12/98 (100)  AC: 35    Str: 20    XL:     15   Next: 55%
MP:   19/19         EV:  2    Int: 14    God:    Okawaru [*****.]
Gold: 2040          SH:  0    Dex: 14    Spells: 14/14 levels left

rFire   . . .      SeeInvis +   A - +2 demon whip (venom)
rCold   . . .      Faith    .   s - +3 warlock's mirror {reflect}
rNeg    + . .      Spirit   .   q - +2 steam dragon scales
rPois   ∞          Reflect  +   W - +1 helmet {Int+3}
rElec   +          Harm     .   Y - +1 cloak
rCorr   .          Rampage  .   v - +1 pair of gloves of the Eight Mystics {Will+}
Will    ++...                   E - +2 pair of boots
Stlth   ++++......              S - amulet of regeneration
HPRegen 1.06/turn               j - +4 ring of protection
MPRegen 0.16/turn               H - ring of see invisible

@: paralysed, flying, studying Poison Magic, lightly drained
A: sickness immunity, AC +11, big wings, negative energy resistance 1,
electricity resistance, torment resistance 1, petrification resistance
a: Renounce Religion, Heroism, Finesse, Duel


You were on level 2 of the Orcish Mines.
You worshipped Okawaru.
Okawaru was extremely pleased with you.
You visited 4 branches of the dungeon, and saw 20 of its levels.
You also visited: Volcano.

You collected 2340 gold pieces.
You spent 300 gold pieces at shops.

Inventory:

Hand Weapons
 y - the +8 flail of Tartarus {flame, rPois Will+ Int+3}
   (You took it off an orc on level 4 of the Dungeon)

   It burns those it strikes, dealing additional fire damage.
   Int:       It affects your intelligence (+3).
   rPois:     It protects you from poison.
   Will:      It increases your willpower.
 A - a +2 demon whip of venom (weapon)
 J - a +3 vampiric war axe
 N - a +4 battleaxe of freezing
 Q - a +5 mace of protection
 R - a +2 flail of protection
Missiles
 b - 3 boomerangs of dispersal
 d - 23 boomerangs (quivered)
 D - 3 curare-tipped darts
 M - 9 throwing nets
 P - 7 poisoned darts
 U - 9 atropa-tipped darts
Armour
 g - the +9 ice dragon scales of Integrity {rPois rF- rC++ Str+2 Dex+4}
   (Okawaru gifted it to you on level 2 of the Orcish Mines)

   Str:       It affects your strength (+2).
   Dex:       It affects your dexterity (+4).
   rF:        It makes you vulnerable to fire.
   rC:        It greatly protects you from cold.
   rPois:     It protects you from poison.
 q - +2 steam dragon scales (worn)
 s - the +3 warlock's mirror (worn) {reflect}
   (You found it on level 4 of the Lair of Beasts)

   It can block and reflect piercing ranged attacks and magical attacks against
   the wielder's willpower.
 v - the +1 pair of gloves of the Eight Mystics (worn) {Will+}
   (You acquired it on level 7 of the Dungeon)

   Will:      It increases your willpower.
 E - a +2 pair of boots (worn)
 T - a +2 ring mail of fire resistance
 W - a +1 helmet of intelligence (worn)
 X - a +2 leather armour of fire resistance
 Y - a +1 cloak (worn)
Jewellery
 j - a +4 ring of protection (left hand)
 H - a ring of see invisible (right hand)
 S - an amulet of regeneration (around neck)
 Z - a ring of willpower
Wands
 l - a wand of quicksilver (8)
 n - a wand of mindburst (20)
 w - a wand of flame (13)
 C - a wand of roots (36)
 K - a wand of polymorph (4)
Scrolls
 e - 2 scrolls of amnesia
 f - a scroll of fog
 m - 12 scrolls of teleportation
 r - 2 scrolls of poison
 t - 2 scrolls of vulnerability
 x - 2 scrolls of blinking
 F - a scroll of brand weapon
 I - 2 scrolls of identify
Potions
 a - a potion of brilliance
 c - 2 potions of ambrosia
 h - 2 potions of might
 i - 3 potions of lignification
 k - 5 potions of curing
 o - 4 potions of flight
 p - 4 potions of resistance
 u - 4 potions of berserk rage
 B - 5 potions of haste
 G - a potion of mutation
 L - 2 potions of cancellation
 O - 4 potions of attraction
 V - 3 potions of heal wounds
Miscellaneous
 z - a condenser vane


   Skills:
 + Level 13.7 Fighting
 - Level 14.0 Maces & Flails
 + Level 3.3 Throwing
 - Level 11.7 Armour
 + Level 11.5 Dodging
 + Level 7.9 Stealth
 * Level 7.2 Shields
 + Level 6.2 Invocations
 + Level 1.6 Evocations


You had 14 spell levels left.
You didn't know any spells.
Your spell library contained the following spells:

 Spells                   Type           Power      Damage    Failure   Level
 Beastly Appendage        Tmut           0%         N/A       34%         1
 Magic Dart               Conj           0%         1d3       34%         1
 Ensorcelled Hibernation  Hex/Ice        0%         N/A       47%         2
 Scorch                   Fire           0%         2d5       47%         2
 Static Discharge         Conj/Air       0%         3-3/arc   47%         2
 Wereblood                Tmut           0%         N/A       47%         2
 Confusing Touch          Hex            0%         N/A       71%         3
 Frozen Ramparts          Ice            0%         1d1       71%         3
 Gell's Gravitas          Tloc           0%         N/A       71%         3
 Ignite Poison            Fire/Tmut/Pois 0%         N/A       71%         3
 Mephitic Cloud           Conj/Pois/Air  0%         N/A       71%         3
 Spider Form              Tmut/Pois      0%         N/A       71%         3
 Teleport Other           Tloc           0%         N/A       71%         3
 Anguish                  Hex/Necr       0%         N/A       98%         4
 Dispel Undead            Necr           0%         3d6       98%         4
 Flame Wave               Conj/Fire      0%         2d4       98%         4
 Ice Form                 Ice/Tmut       0%         N/A       98%         4
 Passage of Golubria      Tloc           0%         N/A       98%         4
 Sticky Flame             Conj/Fire      0%         2d3       98%         4
 Freezing Cloud           Conj/Ice/Air   0%         6-21      100%        5
 Yara's Violent Unravell  Hex/Tmut       0%         3d3       100%        5
 Dispersal                Tloc           0%         N/A       100%        6
 Enfeeble                 Hex            0%         N/A       100%        7
 Call Imp                 Summ           Unusable   N/A       N/A         2
 Tukima's Dance           Hex            Unusable   N/A       N/A         3
 Summon Ice Beast         Ice/Summ       Unusable   N/A       N/A         4
 Summon Cactus Giant      Summ           Unusable   N/A       N/A         6

Dungeon Overview and Level Annotations

Branches:
Dungeon (12/15)            Temple (1/1) D:7            Lair (5/5) D:9
 Shoals (0/4) Lair:3       Spider (0/4) Lair:3        Slime (0/5) Lair:4
    Orc (2/2) D:11            Elf (0/3) Orc:2       Volcano (visited)

Altars:
Ashenzari
Cheibriados
Dithmenos
Elyvilon
Fedhas
Gozag
Hepliaklqana
Kikubaaqudgha
Makhleb
Nemelex Xobeh
Okawaru
Qazlal
Ru
Sif Muna
Trog
Uskayaw
Vehumet
Wu Jian
Xom
Yredelemnul
Zin
The Shining One
Jiyva

Shops:
D:7 (   D:8 *   Orc:2 *


Innate Abilities, Weirdness & Mutations

You are immune to sickness and miasma.
Your stone body is resilient. (AC +11)
You are immune to poison.
Your large and strong wings let you fly.
You resist negative energy. (rN+)
You are resistant to electric shocks. (rElec)
You are resistant to unholy torment.
You are immune to petrification.


Message History

The orc high priest shouts!
You hear a shout! x2
The orc priest misses you.
The orc knight roars a battlecry!
The orcs go into a battle-frenzy!
The orc sorcerer hits you but does no damage.
The orc high priest moves out of view.
Things that are here:
a +0 dagger; a +0 scale mail; an orc corpse You whack the orc sorcerer!
The orc sorcerer looks as sick as possible!
The orc sorcerer is heavily wounded.
You hit the orc sorcerer.
The orc sorcerer looks as sick as possible!
The orc sorcerer is heavily wounded.
You block the orc sorcerer's attack. You block the orc priest's attack.
You completely miss the orc sorcerer.
The orc sorcerer is heavily wounded.
You block the orc priest's attack. The orc sorcerer casts a spell at you.
You suddenly lose the ability to move!
The orc sorcerer casts a spell at you. You resist with almost no effort.
The orc sorcerer hits you with a +0 dagger.
The orc high priest invokes the aid of Beogh against you.
Beogh smites you!
You hear a shout!
The soul eater hits you but does no damage.
The orc sorcerer cheers noisily.
The orc sorcerer hits you but does no damage.
The orc priest calls down the wrath of Beogh upon you.
Beogh smites you!
The orc high priest invokes the aid of Beogh against you.
Beogh smites you!
* * * LOW HITPOINT WARNING * * *
You hear a shout!
The soul eater hits you!
* * * LOW HITPOINT WARNING * * *
The orc sorcerer hits you but does no damage.
The orc warrior hits you from afar with a +0 trident!!
You die...

......................##..##
#######.###########........#
######.###### #.......##
#...........### #........#
...####.####...## #.......##
#.# ###..###.......## #.#
##..##........# #.#
##.##.#...#..## #.#
#@##..####...# ...
#.o3o##.## ##.## ...
##oo##### ###


#oo ... ##.. ..# .∩# You could see a soul eater (summoned), an orc sorcerer
(strong, very poisoned), 3 orc warriors, an orc priest (strong) and an orc
wizard (strong).

Vanquished Creatures
  Nessos (Lair:3)
  Fannar (D:10)
  2 boulder beetles
  9 hydras
  An ogre mage (D:12)
  2 catoblepae
  3 two-headed ogres
  9 death yaks
  A hell knight (Volcano)
  Nergalle (Lair:2)
  3 orc high priests
  Urug (D:10)
  Amaemon (Lair:2)
  A salamander mystic (Volcano)
  5 deep elf pyromancers
  Pikel (D:4)
  4 salamanders (Volcano)
  3 deep elf zephyrmancers (Orc:2)
  An orc sorcerer (Orc:2)
  Maurice (D:10)
  2 cyclopes (D:12)
  An elephant (shapeshifter) (D:8)
  2 black mambas
  2 molten gargoyles (Volcano)
  An orange demon (Lair:2)
  2 torpor snails
  A gargoyle (D:12)
  10 cane toads
  An unseen horror (D:12)
  12 komodo dragons
  A meliai (Lair:3)
  4 trolls
  8 hornets
  Grinder (D:4)
  5 polar bears
  4 slime creatures
  Prince Ribbit (D:7)
  13 blink frogs
  18 dream sheep
  2 shadows
  2 wraiths
  13 spriggans (Lair:5)
  A vampire (D:12)
  74 yaks
  2 wyverns
  2 steam dragons
  2 fire bats (Volcano)
  5 vampire mosquitoes (D:12)
  Eustachio (D:4)
  6 basilisks
  2 wargs (Orc:2)
  18 water moccasins
  2 ice beasts (D:7)
  23 orc warriors
  3 black bears (Lair:5)
  25 wolves
  3 boggarts (Lair:5)
  2 centaurs
  An ogre (D:5)
  A phantom (D:5)
  A kobold brigand (D:9)
  7 gnoll sergeants
  12 bullfrogs
  4 necrophages
  5 scorpions
  17 wights
  24 killer bees
  6 howler monkeys
  2 electric eels
  A crimson imp (D:5)
  5 lava snakes (Volcano)
  17 orc priests
  6 hounds
  2 jellies (D:6)
  2 gnoll boudas (D:7)
  Ijyb (D:3)
  6 iguanas
  20 orc wizards
  27 gnolls
  9 adders
  3 white imps
  An ufetubus (D:4)
  2 worms
  2 dart slugs
  88 orcs
  7 ball pythons
  5 endoplasms
  5 giant cockroaches
  A goblin (D:1)
  10 hobgoblins
  2 jackals (D:7)
  14 kobolds
  3 quokkas
  5 bats
  3 frilled lizards
  4 rats
659 creatures vanquished.

Vanquished Creatures (others)
  2 orc wizards
  10 fungi
  11 plants
23 creatures vanquished.

Grand Total: 682 creatures vanquished

Notes
Turn   | Place    | Note
-------+----------+-------------------------------------------
     0 | D:1      | booth the Gargoyle Monk began the quest for the Orb.
     0 | D:1      | Reached XP level 1. HP: 14/14 MP: 1/1
   731 | D:1      | Reached XP level 2. HP: 19/19 MP: 2/2
  1606 | D:2      | Reached XP level 3. HP: 19/23 MP: 3/3
  1660 | D:2      | Found a faded altar of an unknown god.
  2053 | D:2      | Found a radiant altar of Vehumet.
  2134 | D:2      | Reached XP level 4. HP: 29/29 MP: 4/4
  3053 | D:3      | Reached skill level 4 in Maces & Flails
  3073 | D:3      | Reached XP level 5. HP: 21/33 MP: 5/5
  3668 | D:4      | Noticed Ijyb
  3670 | D:4      | Noticed Eustachio
  3705 | D:4      | HP: 1/33 [disintegration (13)]
  3720 | D:3      | Killed Ijyb
  3955 | D:4      | Killed Eustachio
  3956 | D:4      | Reached skill level 5 in Maces & Flails
  3956 | D:4      | Reached XP level 6. HP: 37/39 MP: 6/6
  4531 | D:4      | Identified the +8 flail of Tartarus {flame, rPois Will+
                  | Int+3}
  4662 | D:4      | Noticed Pikel
  4671 | D:4      | Killed Pikel
  4672 | D:4      | Reached skill level 5 in Fighting
  4672 | D:4      | Reached skill level 6 in Maces & Flails
  4672 | D:4      | Reached skill level 1 in Evocations
  4672 | D:4      | Reached XP level 7. HP: 28/44 MP: 7/7
  4925 | D:4      | Noticed Grinder
  4931 | D:4      | Killed Grinder
  4932 | D:4      | Reached XP level 8. HP: 49/49 MP: 8/8
  5103 | D:5      | Entered Level 5 of the Dungeon
  5329 | D:5      | Reached skill level 7 in Maces & Flails
  5881 | D:5      | Reached XP level 9. HP: 53/55 MP: 9/9
  6426 | D:6      | Reached skill level 8 in Maces & Flails
  6622 | D:6      | Found a shimmering blue altar of Sif Muna.
  6968 | D:8      | Found Ziffod's General Store.
  6987 | D:6      | Reached skill level 5 in Armour
  6987 | D:6      | Reached skill level 5 in Stealth
  7261 | D:6      | Reached skill level 5 in Dodging
  7340 | D:6      | Found a glowing silver altar of Zin.
  7347 | D:6      | Reached skill level 9 in Maces & Flails
  7802 | D:7      | Reached XP level 10. HP: 55/61 MP: 10/10
  7891 | D:7      | Found Jasmec's Antique Weapon Emporium.
  7917 | D:7      | Bought a glowing mace for 174 gold pieces
  8055 | D:7      | Found a staircase to the Ecumenical Temple.
  8061 | Temple   | Entered the Ecumenical Temple
  8116 | Temple   | Became a worshipper of Warmaster Okawaru
  8116 | Temple   | Reached * piety under Okawaru
  8116 | Temple   | Reached ** piety under Okawaru
  8387 | D:7      | Reached skill level 10 in Maces & Flails
  8801 | D:7      | Noticed Prince Ribbit
  8820 | D:7      | Killed Prince Ribbit
  8821 | D:7      | Reached skill level 1 in Invocations
  8896 | D:7      | Reached *** piety under Okawaru
  9061 | D:7      | Identified a scroll of acquirement
  9061 | D:7      | Acquired the +1 pair of gloves of the Eight Mystics {Will+}
  9431 | D:8      | Identified the +10 dagger "Worm's Wrath" {flame, rCorr}
  9566 | D:8      | Bought a scroll of enchant armour for 90 gold pieces
  9566 | D:8      | Bought a potion of curing for 36 gold pieces
  9908 | D:9      | Noticed a two-headed ogre
 10042 | D:9      | Killed a two-headed ogre
 10042 | D:9      | Reached **** piety under Okawaru
 10043 | D:9      | Reached XP level 11. HP: 34/68 MP: 8/11
 10283 | D:9      | Reached skill level 11 in Maces & Flails
 10748 | D:9      | Reached skill level 1 in Throwing
 10777 | D:9      | Reached ***** piety under Okawaru
 11064 | D:9      | Found a staircase to the Lair.
 11611 | D:10     | Entered Level 10 of the Dungeon
 11680 | D:10     | Noticed Fannar
 11692 | D:10     | Noticed Urug
 11709 | D:10     | Killed Urug
 11727 | D:10     | Killed Fannar
 11727 | D:10     | Identified the +1 kite shield of the New World {Harm
                  | Rampage Str-5 SInv} (Okawaru gifted it to you on level 10
                  | of the Dungeon)
 11727 | D:10     | Received a gift from Okawaru
 11916 | D:10     | Reached skill level 12 in Maces & Flails
 12090 | D:10     | Found a glowing golden altar of the Shining One.
 12335 | D:10     | Reached XP level 12. HP: 75/75 MP: 11/13
 12483 | D:10     | Noticed Maurice
 12522 | D:10     | Killed Maurice
 12787 | D:11     | Noticed a boulder beetle
 12819 | D:11     | Killed a boulder beetle
 13583 | D:11     | Found a staircase to the Orcish Mines.
 14155 | D:12     | Noticed an eight-headed hydra
 14161 | D:12     | Killed an eight-headed hydra
 14309 | Lair:1   | Entered Level 1 of the Lair of Beasts
 14495 | Lair:1   | Reached skill level 13 in Maces & Flails
 14988 | Lair:1   | Identified the ring of the Worm {Wiz rPois}
 15277 | Lair:2   | Noticed Nergalle
 15292 | Lair:2   | Killed Nergalle
 15293 | Lair:2   | Reached XP level 13. HP: 66/82 MP: 13/15
 15375 | Lair:2   | Found a dark tunnel.
 15381 | Lair:2   | Reached skill level 10 in Armour
 15386 | Volcano  | Entered a volcano
 15904 | Volcano  | Found a burning altar of Makhleb.
 16195 | Volcano  | Reached skill level 10 in Fighting
 16562 | Lair:2   | Noticed Amaemon
 16631 | Lair:2   | Killed Amaemon
 16804 | Lair:2   | Reached skill level 14 in Maces & Flails
 17755 | Lair:3   | Noticed Nessos
 17786 | Lair:3   | Found the +1 cloak of Starlight {*Dazzle EV+4 Stlth--}
 17851 | Lair:3   | Found a staircase to the Shoals.
 18021 | Lair:3   | Reached skill level 5 in Invocations
 18307 | Lair:3   | Killed Nessos
 18307 | Lair:3   | Received a gift from Okawaru
 18308 | Lair:3   | Gained mutation: Your large and strong wings let you fly.
                  | [Gargoyle growth]
 18308 | Lair:3   | Reached XP level 14. HP: 90/90 MP: 15/17
 18417 | Lair:3   | Found a hole to the Spider Nest.
 18620 | Lair:4   | Received a gift from Okawaru
 18765 | Lair:4   | Found a viscous altar of Jiyva.
 18765 | Lair:4   | Found a staircase to the Slime Pits.
 18855 | Lair:4   | Found the amulet of the Air {Inacc Air Fly rElec RMsl}
 19090 | Lair:4   | Reached skill level 10 in Dodging
 19368 | Lair:4   | Received a gift from Okawaru
 19478 | Lair:4   | Found a burning altar of Makhleb.
 19511 | Lair:4   | Found the +3 warlock's mirror {reflect}
 19740 | Lair:5   | Entered Level 5 of the Lair of Beasts
 19859 | Lair:5   | Received a gift from Okawaru
 19860 | Lair:5   | Reached skill level 1 in Shields
 21201 | Lair:5   | Reached skill level 5 in Shields
 21229 | Lair:5   | Reached XP level 15. HP: 95/97 MP: 19/19
 23083 | Orc:1    | Entered Level 1 of the Orcish Mines
 23128 | Orc:1    | Received a gift from Okawaru
 23679 | Orc:2    | Entered Level 2 of the Orcish Mines
 23871 | Orc:2    | Found a staircase to the Elven Halls.
 24199 | Orc:2    | Identified the +9 ice dragon scales of Integrity {rPois rF-
                  | rC++ Str+2 Dex+4} (Okawaru gifted it to you on level 2 of
                  | the Orcish Mines)
 24199 | Orc:2    | Received a gift from Okawaru
 24479 | Orc:2    | Found Fajum's General Store.
 24492 | Orc:2    | Paralysed by an orc sorcerer for 4 turns
 24496 | Orc:2    | Mangled by an orc warrior

Illustrated notes

Levels and vault maps discovered:
D:1:      dpeg_arrival_stonehenge_8_columns, layout_loops_corners,
          minmay_heptomino_l4
D:2:      layout_basic, basic_ecumenical_altar, basic_altar
D:3:      layout_loops_cross, chequers_serial_rivers_micro_d
D:4:      layout_cave_pods, corner_web_ring, minmay_misc_feat_pillars,
          chequers_serial_rivers_small_b, grunt_decor_cap,
          chequers_serial_rivers_marsh, dreamdust_princess_bridge, uniq_ijyb,
          uniq_pikel, uniq_grinder, uniq_eustachio
D:5:      layout_layer_cave, enter_ossuary_4, minmay_fire_ice_demons
D:6:      layout_rooms, mainiacjoe_overflow_alcove_1, lemuel_crystal_altar
D:7:      layout_cave_pools, minmay_temple_entry_fiery, serial_gnoll_camp,
          gnoll_camp_mini_shop, gnoll_camp_medium_01, gnoll_camp_mini_hut,
          gnoll_camp_medium_02, hangedman_decor_lopped, uniq_prince_ribbit1
D:8:      layout_basic, serial_shops, shop
D:9:      layout_roguey, erik_lair_dragon, minmay_fractal_squares_diagonal_5
D:10:     layout_irregular_city, overflow_temple_1_default, uniq_maurice,
          uniq_fannar, uniq_urug
D:11:     layout_irregular_city, hiddenorc1_lemuel
D:12:     layout_loops_ring, evilmike_minifort
Temple:   hellmonk_temple_of_storms
Lair:1:   layout_cave_shapes, infiniplex_staircase_pool_2, lemuel_fruit_tree,
          serial_bayou_shore_a
Lair:2:   layout_cave_pods, enter_volcano_4, serial_bayou_ford_a, uniq_amaemon,
          uniq_nergalle
Lair:3:   beast_lair_carwin_large_2, layout_hall_layers,
          elwin_shoals_entry_rocks, hellmonk_spider_entry_not_the_bees,
          uniq_nessos
Lair:4:   layout_gridlike, dpeg_slime_entry_corner, basic_altar
Lair:5:   minmay_lair_end_enchanted_forest, layout_layer_cave
Orc:1:    layout_diamond_mine, basic_altar
Orc:2:    st_orc_elflike, layout_diamond_mine, elves_outpost_lemuel

Skill      XL: |  1  2  3  4  5  6  7  8  9 10 11 12 13 14 15 |
---------------+----------------------------------------------+-----
Dodging        | 3 4 5 6 7 8 9 10 11 | 11.5
Maces & Flails | 4 5 6 7 9 10 12 13 14 | 14.0
Fighting       | 4 5 6 7 8 9 11 12 13 | 13.7
Stealth        | 3 4 5 6 7 |  7.9
Armour         | 2 3 4 5 7 8 9 11 | 11.7
Evocations     | 1 |  1.6
Invocations    | 1 2 3 5 6 |  6.2
Throwing       | 1 2 3 |  3.3
Shields        | 5 7 |  7.2

Action                   |  1- 3 |  4- 6 |  7- 9 | 10-12 | 13-15 || total
-------------------------+-------+-------+-------+-------+-------++-------
Melee: Mace              |   109 |   157 |       |       |       ||   266
       Punch             |     1 |     1 |       |    24 |    22 ||    48
       Flail             |       |    13 |   181 |   754 |   139 ||  1087
       Demon whip        |       |       |       |       |  1511 ||  1511
Throw: Boomerang         |       |       |       |    23 |    15 ||    38
       Dart              |       |       |       |     3 |     7 ||    10
Invok: Heroism           |       |       |       |    31 |    27 ||    58
       Finesse           |       |       |       |     5 |     9 ||    14
Evoke: Wand              |       |     5 |       |       |     4 ||     9
  Use: Potion            |     3 |     3 |     2 |     1 |     3 ||    12
       Scroll            |     1 |     5 |     6 |    15 |     7 ||    34
 Stab: Sleeping          |     4 |     6 |     4 |     3 |     7 ||    24
       Petrified         |       |       |       |       |     7 ||     7
       Petrifying        |       |       |       |       |     2 ||     2
       Distracted        |       |       |       |       |     2 ||     2
Armor: Robe              |    36 |    62 |       |       |       ||    98
       Leather armour    |       |    20 |    42 |       |       ||    62
       Steam dragon scal |       |       |    78 |   327 |   542 ||   947
       Ring mail         |       |       |       |       |    16 ||    16
Dodge: Dodged            |    81 |   119 |   156 |   512 |   815 ||  1683
Block: Buckler           |       |       |       |       |   284 ||   284
       Reflection        |       |       |       |       |    14 ||    14
